 Dungeon Crawl Stone Soup version 0.21-a0-241-g2cbab09 (webtiles) character file.

126305 Chiseanne the Spry (level 16, -2/88 HPs)
             Began as a Spriggan Monk on Sept 3, 2017.
             Was an Initiate of Gozag.
             Slain by a merfolk
             ... wielding a +0 trident
              (9 damage)
             ... on level 2 of the Shoals.
             The game lasted 01:46:19 (32738 turns).

Chiseanne the Spry (Spriggan Monk)                 Turns: 32738, Time: 01:46:20

Health: -2/88      AC: 30    Str: 14    XL:     16   Next: 43%
Magic:  0/27       EV:  6    Int: 11    God:    Gozag
Gold:   579        SH:  0    Dex: 20    Spells: 16/20 levels left

rFire    + + .     SeeInvis +   a - +7 dagger of Kismet {elec, rF+ rN+ Dex-3 Stlth+}
rCold    + . .     Gourm    .   g - +0 buckler
rNeg     + . .     Faith    .   f - +9 scales of the Dragon King {rPois rF+ rC+ MR+}
rPois    +         Spirit   +   (helmet restricted)
rElec    .         Reflect  .   (no cloak)
rCorr    .         Harm     .   (gloves unavailable)
MR       +++..                  (boots unavailable)
Stlth    ..........             E - amulet of guardian spirit
HPRegen  0.24/turn              C - +4 ring of strength
MPRegen  0.20/turn              t - +3 ring of protection

@: lethally poisoned (-2 -> -21), held, slow
A: unfitting armour, see invisible, herbivore 3, speed 3, slow metabolism 2
a: Potion Petition, Call Merchant, Bribe Branch, Renounce Religion


You were on level 2 of the Shoals.
You worshipped Gozag.
Gozag was pleased with you.
You were not hungry.

You visited 5 branches of the dungeon, and saw 26 of its levels.
You also visited: Bailey.

You collected 9727 gold pieces.
You spent 6189 gold pieces at shops.
You paid 2959 gold pieces to Gozag.

Inventory:

Hand Weapons
 a - the +7 dagger of Kismet (weapon) {elec, rF+ rN+ Dex-3 Stlth+}
   (You bought it in a shop on level 9 of the Dungeon)

   Occasionally, upon striking a foe, it will discharge some electrical energy
   and cause terrible harm.
   It affects your dexterity (-3).
   It protects you from fire.
   It protects you from negative energy.
   It makes you more stealthy.
 s - the +1 quick blade of Abuse {venom, +Blink rPois Dex+6}
   (You bought it in a shop on level 2 of the Orcish Mines)

   It poisons the flesh of those it strikes.
   It affects your dexterity (+6).
   It protects you from poison.
   It lets you blink.
 w - the +12 hunting sling "Heubesse" {speed, rN+ Str+4 Dex+4}
   (You bought it in a shop on level 9 of the Dungeon)

   Attacks with this weapon are significantly faster.
   It affects your strength (+4).
   It affects your dexterity (+4).
   It protects you from negative energy.
Missiles
 d - a throwing net
 h - 113 sling bullets
 k - 8 curare-tipped needles
 l - 8 poisoned tomahawks
 q - 64 tomahawks (quivered)
 r - a tomahawk of dispersal
 x - 98 bolts
Armour
 f - the +9 scales of the Dragon King (worn) {rPois rF+ rC+ MR+}
   (You bought it in a shop on level 13 of the Dungeon)

   It protects you from fire.
   It protects you from cold.
   It protects you from poison.
   It affects your resistance to hostile enchantments.
 g - a +0 buckler (worn)
Jewellery
 t - a +3 ring of protection (right hand)
 C - a +4 ring of strength (left hand)
 E - an amulet of guardian spirit (around neck)
 K - an uncursed amulet of regeneration
 L - an uncursed ring of flight
Wands
 c - a wand of paralysis (0/24)
 n - a wand of confusion (11/48)
 p - a wand of confusion (8/48)
 N - a wand of digging (8/24)
Scrolls
 e - 8 scrolls of teleportation
 j - 7 scrolls of remove curse
 v - 2 scrolls of amnesia
 z - 7 scrolls of identify
 A - 6 scrolls of blinking
 D - 2 scrolls of enchant armour
 G - 5 scrolls of enchant weapon
 J - 3 scrolls of magic mapping
 M - a scroll of recharging
 P - a scroll of silence
 Q - 3 scrolls of fear
 U - 5 scrolls of fog
Potions
 i - 2 potions of cancellation
 m - 5 potions of berserk rage
 o - 8 potions of curing
 u - 7 potions of haste
 H - 2 potions of resistance
 I - a potion of magic
 O - a potion of brilliance
 S - 5 potions of might
 T - a potion of ambrosia
 W - 6 potions of agility
 X - 4 potions of invisibility
Books
 y - a book of Callings

   Spells                             Type                      Level
   a - Summon Small Mammal            Summoning                    1
   b - Call Imp                       Summoning                    2
   c - Call Canine Familiar           Summoning                    3
   d - Summon Guardian Golem          Hexes/Summoning              3
   e - Summon Lightning Spire         Summoning/Air                4
   f - Summon Ice Beast               Ice/Summoning                4
Miscellaneous
 R - a lightning rod (2/4)
 V - a lightning rod (2/4)
Comestibles
 b - 13 bread rations
 F - 14 fruits


   Skills:
 * Level 11.7 Fighting
 - Level 12.1 Short Blades
 * Level 6.6(7.3) Slings
 - Level 3.8(5.2) Throwing
 * Level 11.6 Armour
 - Level 16.1 Dodging
 - Level 3.0 Stealth
 * Level 9.6 Shields
 - Level 2.5 Unarmed Combat
 - Level 2.7 Spellcasting
 - Level 13.8 Evocations


You had 16 spell levels left.
You knew the following spells:

 Your Spells              Type           Power        Failure   Level  Hunger
a - Apportation           Tloc           #.....       100%        1    #......
b - Confuse               Hex            #.......     100%        3    ###....


Dungeon Overview and Level Annotations

Branches:
Dungeon (15/15)            Temple (1/1) D:7            Lair (6/6) D:11
 Shoals (2/4) Lair:2       Spider (0/4) Lair:3        Slime (0/5) Lair:6
    Orc (2/2) D:10            Elf (0/3) Orc:2        Vaults (0/5) D:14
 Depths (0/5) D:15

Altars:
Ashenzari
Cheibriados
Dithmenos
Elyvilon
Fedhas
Gozag
Hepliaklqana
Kikubaaqudgha
Makhleb
Nemelex Xobeh
Okawaru
Qazlal
Ru
Sif Muna
Trog
Uskayaw
Vehumet
Wu Jian
Xom
Yredelemnul
Zin
The Shining One
Beogh
Jiyva
Lugonu

Shops:
D:8 !   D:9 (   D:10 =   D:11 !   D:13 [   D:14 ?   Orc:2 %!**   Lair:4 (

Annotations:
D:3 Herrn's ghost, amateur NaFE
D:9 Pikel
Lair:2 exclusion: 3 oklob plants


Innate Abilities, Weirdness & Mutations

You are very small and have problems with some larger weapons.
You are too small for most types of armour.
You have supernaturally acute eyesight. (SInv)
You are a herbivore.
You cover ground extremely quickly.
You need consume almost no food.


Message History

The merfolk closely misses you.
The merfolk hits you but does no damage.
The water nymph gestures at you while chanting.
The water swirls and strikes you!
* * * LOW HITPOINT WARNING * * *
The merfolk impaler hits you but does no damage.
You struggle against the net.
* * * LOW HITPOINT WARNING * * *
You feel sick. The merfolk impaler barely misses you.
The merfolk closely misses you.
The merfolk hits you but does no damage.
The water nymph barely misses you.
You struggle against the net.
* * * LOW HITPOINT WARNING * * *
You feel sick.
The merfolk impaler hits you but does no damage.
The snapping turtle bites you but does no damage.
The merfolk hits you from afar with a trident!
You die...
Your body crumbles into a pile of gold.

≈.............≈≈.....≈≈
≈≈....≈≈..≈≈≈≈.≈≈.# #..P
.......≈....≈≈≈≈≈≈.# #..≈
..≈..≈≈≈...≈≈≈≈≈≈≈.###..≈ .
.≈≈≈≈≈≈≈..≈≈.≈≈≈≈.....≈≈≈ ≈.
##.≈≈≈≈≈..^.)).≈≈.....≈≈≈
..#..≈≈≈≈.....<..........≈≈
#..≈≈≈≈t≈..###)..##.......
.##[..≈≈≈m.@≈# #).......###.
.......≈≈m≈m## #........###.
......≈..m≈≈####.....≈......
≈≈.......≈≈≈.........≈≈≈....
.≈....≈≈.............≈≈..≈≈≈
.≈≈.≈≈≈≈≈≈≈≈...≈≈.≈≈..[.≈≈?≈
≈≈≈≈≈≈.≈≈≈≈.≈...≈≈≈≈≈≈.≈≈≈≈≈
≈≈≈≈≈≈≈≈≈≈≈≈≈≈..≈≈≈≈≈≈≈≈≈≈≈≈
≈≈≈≈≈≈≈≈≈≈≈≈≈≈≈≈≈≈≈≈≈≈≈≈≈≈≈≈


You could see a merfolk impaler, a snapping turtle, 2 merfolk and a water nymph.

Vanquished Creatures
  An azure jelly (Lair:6)
  An orc warlord (Orc:2)
  The ghost of dricus the Fighter, a journeyman VSBe of Trog (D:12)
  The ghost of Unholydonuts the Thaumaturge, a journeyman DECj of Sif Muna (Orc:2)
  Snorg (D:13)
  Erolcha (D:12)
  A rakshasa (D:8)
  A catoblepas (Lair:6)
  4 vault guards
  8 hydras
  The ghost of Chiseanne the Unseen, a journeyman SpAs of Gozag (D:15)
  A merfolk avatar (Lair:6)
  3 ogre magi (D:15)
  The ghost of Mandevil the Quickloader, a novice HuHu of Okawaru (Bailey)
  19 two-headed ogres
  7 centaur warriors
  7 death yaks
  4 orc high priests (Orc:2)
  9 skeletal warriors
  3 wizards (D:15)
  4 unseen horrors
  A harpy (Lair:6)
  5 orc knights
  2 deep elf magi
  A wolf spider (Lair:3)
  7 orc sorcerers (Orc:2)
  5 ugly things
  7 cyclopes
  An elephant (shapeshifter) (D:15)
  3 manticores
  The ghost of Mulkerokala the Insei, a novice OpTm of Fedhas (D:9)
  10 elephants
  6 black mambas
  11 spiny frogs
  7 rime drakes
  11 komodo dragons
  A freezing wraith (D:15)
  6 merfolk
  A jumping spider (shapeshifter) (D:14)
  A meliai (shapeshifter) (D:12)
  2 wind drakes
  8 trolls
  8 polar bears
  3 hornets
  9 hippogriffs
  14 slime creatures
  3 blink frogs (Lair:3)
  A vampire (D:11)
  9 wyverns
  4 shadows
  5 wraiths
  A water elemental (Shoals:1)
  A yak (shapeshifter) (D:8)
  Grum (D:8)
  52 yaks
  A spriggan (D:8)
  A basilisk (D:13)
  2 hungry ghosts
  7 wargs
  Edmund (D:6)
  15 water moccasins
  An acid dragon (D:14)
  11 porcupines
  2 slaves (D:9)
  61 orc warriors
  A black bear (D:7)
  4 ice beasts
  An eye of draining (D:14)
  3 phantoms
  A hornet zombie (D:15)
  3 sky beasts
  A black bear (shapeshifter) (D:14)
  33 ogres
  2 wolves (D:8)
  34 centaurs
  14 crocodiles
  2 big kobolds
  Blork the orc (D:6)
  24 bullfrogs
  2 gnoll sergeants
  A wyvern zombie (D:12)
  5 scorpions
  17 killer bees
  An electric eel (Lair:2)
  6 wights
  4 howler monkeys
  6 crimson imps
  4 centaur zombies
  8 hounds
  6 jellies
  2 centaur skeletons
  2 bullfrog skeletons (D:12)
  37 orc priests
  30 orc wizards
  Ijyb (D:3)
  7 worker ants
  A killer bee zombie (D:8)
  A hound zombie (D:6)
  A hound skeleton (D:10)
  A worker ant zombie (D:8)
  13 gnolls
  18 adders
  3 shadow imps
  An ooze (D:2)
  5 worms
  2 dart slugs
  4 leopard geckos
  153 orcs
  6 giant cockroaches
  13 goblins
  8 hobgoblins
  4 jackals
  2 quokkas
  A ball python (D:6)
  5 bats
  6 frilled lizards
  A jackal skeleton (D:9)
  11 kobolds
  A leopard gecko skeleton (D:4)
  8 rats
  A plant (Lair:2)
922 creatures vanquished.

Vanquished Creatures (collateral kills)
  Josephine (D:11)
  An orc warrior (D:11)
  2 yaks (D:11)
  A wraith (D:11)
  A centaur (D:13)
  4 orc wizards (D:11)
  3 orc priests (D:11)
  A shadow imp (D:11)
  2 orcs (D:11)
16 creatures vanquished.

Vanquished Creatures (others)
  A centaur (D:11)
  An orc (D:11)
  6 fungi
  11 plants
19 creatures vanquished.

Grand Total: 957 creatures vanquished

Notes
Turn   | Place    | Note
-------+----------+-------------------------------------------
     0 | D:1      | Chiseanne the Spriggan Monk began the quest for the Orb.
     0 | D:1      | Reached XP level 1. HP: 11/11 MP: 2/2
     2 | D:1      | Noticed a demonspawn
     4 | D:1      | Noticed an octopode
     6 | D:1      | Noticed an elf
     6 | D:1      | Noticed a merfolk
     8 | D:1      | Noticed a vampire
     8 | D:1      | Noticed an ogre
    11 | D:1      | Noticed a formicid
    11 | D:1      | Noticed a minotaur
    13 | D:1      | Noticed a spriggan
    13 | D:1      | Noticed a tengu
    15 | D:1      | Noticed a draconian
    17 | D:1      | Noticed a halfling
    17 | D:1      | Noticed a naga
    19 | D:1      | Noticed a gargoyle
    19 | D:1      | Noticed a ghoul
    21 | D:1      | Noticed a demigod
    21 | D:1      | Noticed a human
    23 | D:1      | Noticed a centaur
    23 | D:1      | Noticed a troll
    25 | D:1      | Noticed a felid
    27 | D:1      | Noticed a dwarf
    27 | D:1      | Noticed a vine stalker
   631 | D:1      | Reached XP level 2. HP: 15/16 MP: 3/3
  1557 | D:1      | Reached skill level 1 in Short Blades
  1815 | D:2      | Found an iron altar of Okawaru.
  1853 | D:2      | Reached XP level 3. HP: 19/19 MP: 4/4
  1866 | D:2      | Reached skill level 5 in Dodging
  2253 | D:2      | Found a deep blue altar of Sif Muna.
  2708 | D:3      | Reached XP level 4. HP: 23/23 MP: 5/5
  3201 | D:3      | Noticed Herrn's ghost (amateur NaFE)
  3355 | D:3      | Reached skill level 6 in Dodging
  3363 | D:3      | Reached XP level 5. HP: 13/28 MP: 6/6
  3618 | D:3      | Noticed Ijyb
  3626 | D:3      | Paralysed by Ijyb for 6 turns
  3636 | D:3      | Killed Ijyb
  4025 | D:4      | Reached skill level 1 in Evocations
  4028 | D:4      | Reached XP level 6. HP: 27/32 MP: 7/7
  4301 | D:4      | Reached skill level 7 in Dodging
  4399 | D:4      | Reached XP level 7. HP: 37/37 MP: 8/10
  4567 | D:4      | Got a transparent spear
  4582 | D:4      | Identified the +6 spear of Opryank {pierce, rN+ Str-4 Dex+4} (You found it on level 4 of the Dungeon)
  4710 | D:5      | Entered Level 5 of the Dungeon
  5258 | D:5      | Learned a level 1 spell: Apportation
  5291 | D:5      | Reached skill level 8 in Dodging
  5723 | D:6      | Reached skill level 5 in Short Blades
  5723 | D:6      | Reached XP level 8. HP: 42/42 MP: 12/12
  5762 | D:6      | Noticed Edmund
  5776 | D:6      | Killed Edmund
  5793 | D:6      | Noticed Blork the orc
  6007 | D:6      | Killed Blork the orc
  6007 | D:6      | Reached skill level 5 in Fighting
  6007 | D:6      | Reached skill level 5 in Evocations
  6054 | D:6      | Reached skill level 9 in Dodging
  6062 | D:6      | HP: 1/43 [yak (13)]
  6343 | D:6      | Reached XP level 9. HP: 17/48 MP: 5/14
  6658 | D:6      | Found a white marble altar of Elyvilon.
  6658 | D:6      | Found a sacrificial altar of Ru.
  6660 | D:6      | Reached skill level 10 in Dodging
  6675 | D:6      | Found a radiant altar of Vehumet.
  6788 | D:6      | Found a hide-covered altar of Uskayaw.
  6908 | D:6      | Found a blossoming altar of Fedhas.
  6910 | D:6      | Found a stormy altar of Qazlal.
  7374 | D:7      | Noticed a troll
  7379 | D:7      | Killed a troll
  7392 | D:7      | Reached skill level 11 in Dodging
  7404 | D:7      | Found a staircase to the Ecumenical Temple.
  7445 | Temple   | Entered the Ecumenical Temple
  7622 | D:8      | Found Ibyoripn's Distillery.
  7683 | D:8      | Reached XP level 10. HP: 47/53 MP: 13/17
  7758 | D:8      | Found a shadowy altar of Dithmenos.
  7758 | D:8      | Found a hide-covered altar of Uskayaw.
  7758 | D:8      | Noticed a skeletal warrior
  7759 | D:8      | Noticed a rakshasa
  8001 | D:8      | Noticed Grum
  8020 | D:8      | Killed Grum
  8092 | D:8      | Noticed a centaur warrior
  8107 | D:8      | Killed a centaur warrior
  8138 | D:8      | Killed a rakshasa
  8138 | D:8      | Reached skill level 12 in Dodging
  8419 | D:8      | Identified a scroll of acquirement
  8546 | D:8      | Noticed a two-headed ogre
  8550 | D:8      | Killed a two-headed ogre
  8550 | D:8      | Reached skill level 10 in Evocations
  8689 | D:8      | Killed a skeletal warrior
  8689 | D:8      | Reached XP level 11. HP: 53/60 MP: 15/19
  8738 | D:8      | Found a sparkling altar of Nemelex Xobeh.
  8739 | D:8      | Found an opulent altar of Gozag.
  8750 | D:8      | Became a worshipper of Gozag Ym Sagoz the Greedy
  8970 | D:9      | Noticed Mulkerokala's ghost (novice OpTm)
  8976 | D:9      | Killed Mulkerokala's ghost
  8996 | D:9      | Bought a fine dagger for 238 gold pieces
  8997 | D:9      | Identified the +7 dagger of Kismet {elec, rF+ rN+ Dex-3 Stlth+} (You bought it in a shop on level 9 of the Dungeon)
  9113 | D:9      | Noticed Pikel
  9747 | D:8      | Bought 2 potions of heal wounds for 140 gold pieces
  9747 | D:8      | Bought a potion of agility for 56 gold pieces
  9747 | D:8      | Bought a potion of degeneration for 14 gold pieces
  9788 | D:10     | Entered Level 10 of the Dungeon
  9814 | D:10     | Got a brightly glowing falchion
  9817 | D:10     | Identified the cursed +3 falchion of Proximity {venom, *Rage MR+ Str+6 SInv} (You found it on level 10 of the Dungeon)
  9845 | D:10     | Reached skill level 13 in Dodging
  9879 | D:10     | Noticed a two-headed ogre
  9896 | D:10     | Killed a two-headed ogre
 10285 | D:10     | Found a staircase to the Orcish Mines.
 10409 | D:10     | Noticed a two-headed ogre
 10411 | D:10     | Killed a two-headed ogre
 10411 | D:10     | Reached skill level 10 in Short Blades
 10657 | D:10     | Found Quh Jocs's Jewellery Shoppe.
 10680 | D:10     | Bought a cursed -3 ring of dexterity for 24 gold pieces
 10729 | D:10     | Found a roughly hewn altar of Beogh.
 10962 | D:11     | Paralysed by a hornet for 1 turns
 11014 | D:11     | Noticed Josephine
 11109 | D:11     | Killed Josephine
 11248 | D:11     | Reached skill level 14 in Dodging
 11629 | D:11     | Found a staircase to the Lair.
 11887 | D:11     | Reached XP level 12. HP: 66/66 MP: 21/21
 12108 | D:8      | Bought a potion of berserk rage for 70 gold pieces
 12108 | D:8      | Bought a potion of berserk rage for 70 gold pieces
 12108 | D:8      | Bought a potion of invisibility for 112 gold pieces
 12108 | D:8      | Bought a potion of resistance for 140 gold pieces
 12108 | D:8      | Bought a potion of agility for 56 gold pieces
 12108 | D:8      | Bought 2 potions of might for 112 gold pieces
 12108 | D:8      | Bought a potion of agility for 56 gold pieces
 12108 | D:8      | Bought a potion of mutation for 112 gold pieces
 12268 | D:12     | Noticed dricus's ghost (journeyman VSBe)
 12593 | D:12     | Noticed a two-headed ogre
 12606 | D:12     | Killed a two-headed ogre
 12880 | D:12     | Noticed a two-headed ogre
 12884 | D:12     | Killed a two-headed ogre
 12984 | D:12     | Noticed a six-headed hydra
 12992 | D:12     | Killed a six-headed hydra
 12992 | D:12     | Reached skill level 15 in Dodging
 13040 | D:12     | Noticed a centaur warrior
 13051 | D:12     | HP: 3/67 [centaur warrior/arrow (10)]
 13055 | D:12     | Killed a centaur warrior
 13391 | D:12     | Noticed Erolcha
 13403 | D:12     | Killed Erolcha
 13403 | D:12     | Reached skill level 10 in Fighting
 13518 | D:12     | Noticed a two-headed ogre
 13536 | D:12     | Killed a two-headed ogre
 13536 | D:12     | Reached XP level 13. HP: 55/72 MP: 24/24
 13677 | D:12     | Killed dricus's ghost
 13677 | D:12     | Reached skill level 1 in Spellcasting
 13904 | D:13     | Noticed Snorg
 13914 | D:13     | Killed Snorg
 13927 | D:13     | Found a flagged portal.
 13936 | Bailey   | Entered a bailey
 14016 | Bailey   | Noticed Mandevil's ghost (novice HuHu)
 14046 | Bailey   | Killed Mandevil's ghost
 14046 | Bailey   | Reached skill level 16 in Dodging
 14415 | Bailey   | Reached skill level 1 in Armour
 14952 | D:13     | Reached skill level 5 in Armour
 16096 | D:13     | Found a glowing golden altar of the Shining One.
 16336 | D:14     | Reached skill level 1 in Shields
 16446 | D:14     | Found a gate to the Vaults.
 16547 | D:13     | Reached XP level 14. HP: 52/77 MP: 20/25
 17065 | D:14     | Found Awos's Magic Scroll Emporium.
 17092 | D:14     | Bought a scroll of silence for 97 gold pieces
 17303 | D:14     | Reached skill level 5 in Shields
 17351 | D:14     | Got a coiled ivory ring
 17403 | D:14     | Identified the ring of the Monkey {Fire Int+3 Stlth+} (You found it on level 14 of the Dungeon)
 17412 | D:14     | Found an opulent altar of Gozag.
 17654 | D:15     | Entered Level 15 of the Dungeon
 17843 | D:15     | Noticed Chiseanne's ghost (journeyman SpAs)
 17881 | D:15     | Killed Chiseanne's ghost
 17927 | D:15     | Found a corrupted altar of Lugonu.
 18915 | D:15     | Reached skill level 1 in Throwing
 19579 | D:15     | Found a staircase to the Depths.
 19655 | D:15     | Learned a level 3 spell: Confuse
 19993 | D:15     | Reached XP level 15. HP: 29/82 MP: 9/26
 20403 | D:13     | Bought the +9 scales of the Dragon King {rPois rF+ rC+ MR+} for 2496 gold pieces
 20403 | D:13     | Found the +9 scales of the Dragon King {rPois rF+ rC+ MR+}
 20510 | Orc:1    | Entered Level 1 of the Orcish Mines
 20620 | Orc:1    | Found a roughly hewn altar of Beogh.
 20766 | Orc:1    | Found a roughly hewn altar of Beogh.
 21283 | Orc:2    | Entered Level 2 of the Orcish Mines
 21378 | Orc:2    | Found a roughly hewn altar of Beogh.
 21415 | Orc:2    | Found Goeth's Distillery.
 21460 | Orc:2    | Reached skill level 10 in Armour
 21652 | Orc:2    | Bought a potion of heal wounds for 65 gold pieces
 21652 | Orc:2    | Bought a potion of might for 52 gold pieces
 21652 | Orc:2    | Bought a potion of might for 52 gold pieces
 21652 | Orc:2    | Bought a potion of haste for 130 gold pieces
 21652 | Orc:2    | Bought a potion of heal wounds for 65 gold pieces
 21652 | Orc:2    | Bought 2 potions of agility for 104 gold pieces
 21652 | Orc:2    | Bought 2 potions of cancellation for 208 gold pieces
 21652 | Orc:2    | Bought a potion of curing for 39 gold pieces
 21652 | Orc:2    | Bought a potion of resistance for 130 gold pieces
 21652 | Orc:2    | Bought a potion of berserk rage for 65 gold pieces
 21658 | Orc:2    | Found Xeroi's Food Shoppe.
 22222 | Orc:2    | Noticed Unholydonuts's ghost (journeyman DECj)
 22279 | Orc:2    | Killed Unholydonuts's ghost
 22701 | Orc:2    | Noticed an orc warlord
 22733 | Orc:2    | Killed an orc warlord
 22745 | Orc:2    | Found a roughly hewn altar of Beogh.
 23158 | Orc:2    | Found Ohepootza's Assorted Antiques.
 23388 | Orc:2    | Bought a potion of curing for 78 gold pieces
 23388 | Orc:2    | Bought a scroll of blinking for 195 gold pieces
 23388 | Orc:2    | Bought a scroll of identify for 52 gold pieces
 23388 | Orc:2    | Bought a scroll of identify for 52 gold pieces
 23494 | Orc:2    | Bought an ichor-stained quick blade for 520 gold pieces
 23495 | Orc:2    | Identified the cursed +1 quick blade of Abuse {venom, +Blink rPois Dex+6} (You bought it in a shop on level 2 of the Orcish Mines)
 23519 | Orc:2    | Found Oxkera's General Store.
 23593 | Orc:2    | Bought a scroll of teleportation for 45 gold pieces
 23593 | Orc:2    | Bought a scroll of random uselessness for 15 gold pieces
 24022 | Orc:2    | Found a staircase to the Elven Halls.
 24398 | D:9      | Bought a transparent hunting sling for 221 gold pieces
 24399 | D:9      | Identified the +12 hunting sling "Heubesse" {speed, rN+ Str+4 Dex+4} (You bought it in a shop on level 9 of the Dungeon)
 24484 | Lair:1   | Entered Level 1 of the Lair of Beasts
 24691 | Lair:1   | Reached skill level 1 in Slings
 25863 | Lair:2   | Found a staircase to the Shoals.
 27198 | Lair:3   | Found a hole to the Spider Nest.
 29272 | Lair:5   | Found a hazy altar of Hepliaklqana.
 29341 | Lair:5   | Reached XP level 16. HP: 77/87 MP: 23/27
 29839 | Lair:6   | Entered Level 6 of the Lair of Beasts
 30048 | Lair:6   | Reached skill level 5 in Slings
 30310 | Lair:6   | Found a runed door.
 30311 | Lair:6   | Found a viscous altar of Jiyva.
 30792 | Lair:6   | HP: 3/88 [komodo dragon (9)]
 31472 | Lair:6   | Found the +3 robe of Clouds {+Fly rElec}
 31566 | Lair:6   | Found a staircase to the Slime Pits.
 32421 | D:11     | Bought a potion of agility for 44 gold pieces
 32421 | D:11     | Bought a potion of agility for 44 gold pieces
 32421 | D:11     | Bought a potion of agility for 44 gold pieces
 32421 | D:11     | Bought 2 potions of invisibility for 176 gold pieces
 32508 | Shoals:1 | Entered Level 1 of the Shoals
 32738 | Shoals:2 | Slain by a merfolk

Vault maps used:
D:1:      kb_arrival_jail, dk_noncrumbling_4
D:2:      lemuel_blue_sif_altar, okawaru_trees_1
D:3:      minmay_divided_ellipse, uniq_ijyb
D:4:      first_bread
D:6:      eat_drink_and_be_merry_uskayaw, nicolae_overflow_hidden_temple,
          uniq_blork_the_orc, uniq_edmund
D:7:      minmay_temple_entry_water_ring
D:8:      grunt_temple_overflow_opulence, serial_shops,
          nicolae_shop_window_shopping, the_bakery, minmay_misc_feat_tiny,
          jmf_multi_god_temple, uniq_grum
D:9:      uniq_pikel
D:10:     minmay_orc_entry_temple_small, serial_shops, nicolae_shop_crystal,
          kennysheep_generic_room_7
D:11:     david_lair_shrubbed, uniq_josephine
D:12:     minmay_the_grid_triangle_9x9_recursive_2, uniq_erolcha
D:13:     enter_bailey_3, lab_entry_generic, lemuel_centaur_altar, uniq_snorg
D:14:     lightli_vaults_fourway_checkpoint, lemuel_coloured_pillars_altar,
          serial_shops, shop
D:15:     grunt_enter_depths_magical_seal, minivault_24, tgw_lugonu_bribe
Temple:   minmay_temple_bridge_abc
Lair:1:   minmay_stone_trees_medium
Lair:2:   elwin_shoals_entry_rocks, serial_bayou_lagoon_a, disabler_island,
          lemuel_fruit_fields
Lair:3:   spider_nest_entry_rubble
Lair:4:   infiniplex_staircase_pool
Lair:5:   basic_altar, serial_forest, infiniplex_forest_side_room,
          infiniplex_forest_lined_room_2, infiniplex_forest_clump_small,
          infiniplex_forest_lined_2, infiniplex_forest_clump_large,
          infiniplex_forest_fountain, infiniplex_forest_diagonal,
          cheibrodos_lair_reptile_den, lemuel_fruit_fields
Lair:6:   gammafunk_lair_ancient_temple, slime_altar_2
Shoals:1: nicolae_shoals_water_shrine
Shoals:2: uniq_donald
Orc:1:    nicolae_orc_accident_1, basic_altar, abandoned_shop, mines2_david
Orc:2:    pubby_orc_utopia
Bailey:   bailey_polearm_flooded_kennysheep, bailey

Skill      XL: |  1  2  3  4  5  6  7  8  9 10 11 12 13 14 15 16 |
---------------+-------------------------------------------------+-----
Short Blades   | 1 2 3 4 5 6 7 9 10 12 | 12.1
Dodging        | 5 6 7 8 9 11 12 14 15 16 | 16.1
Fighting       | 3 4 5 6 7 9 10 11 | 11.7
Evocations     | 1 2 4 6 8 10 11 13 | 13.8
Spellcasting   | 2 |  2.7
Armour         | 9 11 | 11.6
Shields        | 2 7 9 |  9.6
Throwing       | 3 |  3.8
Slings         | 4 6 |  6.6
Stealth        | |  3.0
Unarmed Combat | |  2.5

Action                   |  1- 3 |  4- 6 |  7- 9 | 10-12 | 13-15 | 16-18 || total
-------------------------+-------+-------+-------+-------+-------+-------++-------
Melee: Unarmed           |    45 |       |       |       |       |       ||    45
       Punch             |     1 |     2 |     3 |     7 |     5 |       ||    18
       Short sword       |    66 |   151 |   286 |   149 |   148 |       ||   800
       Dagger            |       |       |       |   504 |  2177 |   453 ||  3134
       Quick blade       |       |       |       |       |   205 |    67 ||   272
 Fire: Hunting sling     |       |       |       |       |    24 |   109 ||   133
Throw: Tomahawk          |       |       |       |       |     1 |       ||     1
Invok: Call Merchant     |       |       |       |     1 |     2 |     1 ||     4
Evoke: Wand              |       |       |    12 |    53 |    54 |     6 ||   125
       Lightning rod     |       |       |       |     7 |    20 |     6 ||    33
  Use: Scroll            |       |    12 |    10 |     8 |    11 |     1 ||    42
       Potion            |       |       |     1 |     3 |     6 |     2 ||    12
 Stab: Sleeping          |     9 |     3 |     2 |    15 |     8 |       ||    37
       Distracted        |       |     1 |     1 |     7 |    27 |     4 ||    40
       Paralysed         |       |       |     5 |    10 |       |       ||    15
       Confused          |       |       |     2 |     8 |     9 |       ||    19
  Eat: Royal jelly       |       |     1 |     2 |     1 |     6 |       ||    10
       Fruit             |       |       |     4 |     4 |     6 |       ||    14
Armor: Robe              |     6 |     6 |    12 |    26 |    39 |       ||    89
       Gold dragon scale |       |       |       |       |   297 |   243 ||   540
Dodge: Dodged            |    75 |   107 |   198 |   412 |  1048 |   173 ||  2013
Block: Buckler           |       |       |       |       |   462 |   160 ||   622

Table legend:
 A = Spawn XP
 B = Non-spawn XP
 C = Spawn XP percentage of total XP
 D = Spawn monster count
 E = Non-spawn monster count
 F = Spawn count percentage of total count
 G = Total turns spent on level
                    A         B        C        D         E        F      G
               +---------+---------+-------+---------+---------+-------+---------
         Total |   13428 |  167009 |   7.4 |      93 |     843 |   9.9 | 32738
               +---------+---------+-------+---------+---------+-------+---------
           D:1 |       9 |      23 |  28.1 |       5 |      15 |  25.0 |  1613
           D:2 |       5 |      44 |  10.2 |       1 |      16 |   5.9 |  1078
           D:3 |      15 |     215 |   6.5 |       2 |      32 |   5.9 |  1311
           D:4 |      36 |     433 |   7.7 |       1 |      21 |   4.5 |   708
           D:5 |       0 |     543 |   0.0 |       0 |      10 |   0.0 |   998
           D:6 |     157 |    2094 |   7.0 |       3 |      24 |  11.1 |  1272
           D:7 |     304 |    1438 |  17.5 |       2 |      33 |   5.7 |   561
           D:8 |     237 |    5832 |   3.9 |       3 |      37 |   7.5 |  1387
           D:9 |      94 |    2040 |   4.4 |       5 |      21 |  19.2 |   925
          D:10 |      85 |    2780 |   3.0 |       2 |      20 |   9.1 |  1234
          D:11 |     837 |    5483 |  13.2 |       7 |      58 |  10.8 |  1236
          D:12 |    2138 |   18105 |  10.6 |       8 |      57 |  12.3 |  1693
          D:13 |    1582 |   17262 |   8.4 |      20 |      61 |  24.7 |  2446
          D:14 |    2135 |   10065 |  17.5 |       5 |      32 |  13.5 |   957
          D:15 |    2091 |   24343 |   7.9 |       9 |      44 |  17.0 |  2459
        Lair:1 |     109 |    4364 |   2.4 |       1 |      16 |   5.9 |  1116
        Lair:2 |       0 |    8063 |   0.0 |       0 |      27 |   0.0 |  1511
        Lair:3 |     289 |    4503 |   6.0 |       1 |      18 |   5.3 |  1104
        Lair:4 |     411 |    2721 |  13.1 |       1 |      11 |   8.3 |  1064
        Lair:5 |     978 |    5667 |  14.7 |       1 |      20 |   4.8 |   807
        Lair:6 |     837 |   20986 |   3.8 |       2 |      54 |   3.6 |  2416
      Shoals:1 |       0 |     807 |   0.0 |       0 |       3 |   0.0 |    85
      Shoals:2 |       0 |    1462 |   0.0 |       0 |       5 |   0.0 |   145
         Orc:1 |      55 |    2454 |   2.2 |       5 |      15 |  25.0 |   797
         Orc:2 |    1024 |   22077 |   4.4 |       9 |     153 |   5.6 |  3063
        Bailey |       0 |    3205 |   0.0 |       0 |      40 |   0.0 |   697
               +---------+---------+-------+---------+---------+-------+---------
